 Dungeon Crawl Stone Soup version 0.22-a0-456-g11ed031 (webtiles) character file.

8344 n0claF the Fighter (level 11, -11/87 HPs)
             Began as a Demonspawn Gladiator on June 6, 2018.
             Was a Believer of Trog.
             Mangled by Grum
             ... wielding a +1 spear
              (17 damage)
             ... on level 1 of the Lair of Beasts.
             The game lasted 00:53:02 (10285 turns).

n0claF the Fighter (Demonspawn Gladiator)          Turns: 10285, Time: 00:53:03

Health: -11/87     AC: 19    Str: 17    XL:     11   Next: 8%
Magic:  11/11      EV: 23    Int: 10    God:    Trog [**....]
Gold:   815        SH:  8    Dex: 20    Spells: 10/10 levels left

rFire    . . .     SeeInvis .   s - +1 short sword (protect)
rCold    . . .     Gourm    .   F - +2 buckler
rNeg     + . .     Faith    .   Q - +0 troll leather armour
rPois    .         Spirit   .   h - +1 helmet
rElec    .         Reflect  .   n - +0 cloak
rCorr    .         Harm     .   O - +0 pair of gloves
MR       .....                  (no boots)
Stlth    +++.......             D - amulet of rage
HPRegen  0.64/turn              o - ring of positive energy
MPRegen  0.12/turn              (no ring)

@: agile, protection aura, berserk cooldown, slowed, very slow
A: claws 2, icy blue scales 1, powered by pain 3, spiny 1
a: Berserk, Trog's Hand, Renounce Religion, Evoke Berserk Rage


You were on level 1 of the Lair of Beasts.
You worshipped Trog.
Trog was pleased with you.
You were near starving.

You visited 3 branches of the dungeon, and saw 12 of its levels.
You also visited: Ossuary.

You collected 815 gold pieces.

Inventory:

Hand Weapons
 b - a +2 whip of flaming
 m - a +3 quarterstaff of chaos
 s - a +1 short sword of protection (weapon)
 H - a cursed +4 hand axe
 N - a +0 whip of electrocution
Missiles
 d - 5 throwing nets
 p - 2 tomahawks (quivered)
Armour
 h - a +1 helmet (worn)
 n - a +0 cloak (worn)
 F - a +2 buckler (worn)
 G - a +0 scale mail
 O - a +0 pair of gloves (worn)
 Q - a +0 troll leather armour (worn)
Jewellery
 o - a ring of positive energy (left hand)
 x - the ring of Sipoa {Int+3 Dex+3, unknown}
   (You found it on level 9 of the Dungeon)

   [ring of dexterity]

   It affects your intelligence (+3).
   It affects your dexterity (+3).
 D - an amulet of rage (around neck)
Wands
 j - a wand of iceblast (13)
 k - a wand of scattershot (1)
 K - a wand of random effects (16)
 M - a wand of digging (13)
 R - a wand of flame (22)
Scrolls
 a - a scroll of blinking {unknown}
 c - 5 scrolls of teleportation
 e - 2 scrolls of magic mapping {unknown}
 i - 4 scrolls of amnesia
 l - a scroll of silence {unknown}
 r - 3 scrolls of enchant armour {unknown}
 t - 3 scrolls of fog
 u - 2 scrolls of fear {unknown}
 w - a scroll of summoning {unknown}
 y - 3 scrolls of enchant weapon {unknown}
 I - 3 scrolls of remove curse
 J - a scroll of immolation {unknown}
Potions
 g - 12 potions of curing
 q - a potion of invisibility
 v - 4 potions of mutation
 z - 2 potions of ambrosia
 A - a potion of flight
 B - a potion of cancellation
 C - a potion of haste
 E - 4 potions of lignification
 L - a potion of berserk rage
 P - a potion of heal wounds
Comestibles
 f - 14 rations


   Skills:
 + Level 8.4 Fighting
 + Level 5.0 Short Blades
 - Level 4.2 Axes
 - Level 3.8 Staves
 - Level 1.7 Throwing
 + Level 7.4 Armour
 + Level 8.0 Dodging
 + Level 5.0 Shields
 - Level 0.2 Unarmed Combat


You had 10 spell levels left.
You didn't know any spells.
Your spell library contained the following spells:

 Spells                   Type           Power        Failure   Level  Hunger
 Lightning Bolt           Conj/Air       #.........   100%        5    ######.
 Shock                    Conj/Air       #...         41%         1    ##.....
 Swiftness                Chrm/Air       #.......     54%         2    ###....
 Airstrike                Air            #.........   99%         4    #####..
 Static Discharge         Conj/Air       #.......     78%         3    ####...


Dungeon Overview and Level Annotations

Branches:
Dungeon (10/15)            Temple (1/1) D:7            Lair (1/6) D:10
    Orc: D:9-12

Altars:
Ashenzari
Cheibriados
Dithmenos
Elyvilon
Fedhas
Gozag
Hepliaklqana
Kikubaaqudgha
Makhleb
Nemelex Xobeh
Okawaru
Qazlal
Ru
Sif Muna
Trog
Uskayaw
Vehumet
Wu Jian
Xom
Yredelemnul
Zin
The Shining One

Annotations:
Lair:1 Grum


Innate Abilities, Weirdness & Mutations

You have very sharp fingernails.
You are partially covered in icy blue scales. (AC +2)
You are powered by pain.
You are partially covered in sharp spines.


Message History

Trog accepts your kill.
You hit the yak.
The yak is severely wounded.
Grum closely misses you. The spiny frog stings you!
* * * LOW HITPOINT WARNING * * *
The yak is struck by your spines. The yak closely misses you.
The yak misses you.
You barely miss the yak.
The yak is severely wounded.
The spiny frog stings you!!
* * * LOW HITPOINT WARNING * * *
Grum misses you. You block the yak's attack. The yak is struck by your spines.
The yak misses you. The spiny frog misses you. You block Grum's attack.
The yak misses you. x2
You hit the yak but do no damage.
The yak is severely wounded.
The spiny frog is struck by your spines.
The spiny frog completely misses you.
Grum hits you from afar with an enchanted spear!
You die...

........###...
.........#...#
.....$.......#.
.........>.....
...............
...............
........†g.....
#..@Y..#
......F†Y......
...............
..>............
...............
...............
...............
...............


You could see Grum, 2 yaks and a spiny frog.

Vanquished Creatures
  A two-headed ogre (D:8)
  Pikel (D:8)
  Psyche (D:8)
  Maurice (D:9)
  A komodo dragon (D:10)
  A troll (D:10)
  The ghost of n0claF the Slasher, an amateur DsGl of Okawaru (D:3)
  Prince Ribbit (D:8)
  2 hippogriffs
  3 yaks (Lair:1)
  Sigmund (D:3)
  A steam dragon (D:8)
  2 insubstantial wisps (D:8)
  2 water moccasins (Lair:1)
  2 slaves (D:8)
  8 sky beasts
  6 ogres
  A necrophage (D:8)
  2 wolves (Lair:1)
  3 centaurs
  2 gnoll sergeants
  5 bullfrogs
  2 scorpions
  4 howler monkeys (D:9)
  10 wights
  2 crimson imps (D:5)
  A centaur zombie (D:5)
  The ghost of Gorglomux the Firebug, a weakling DEFE (D:4)
  A hound (D:8)
  A quasit (D:8)
  Crazy Yiuf (D:3)
  A jelly (D:8)
  An orc priest (D:6)
  A bullfrog skeleton (D:8)
  3 gnoll shamans (D:4)
  2 orc wizards
  3 iguanas
  4 worker ants
  Natasha (thrice) (D:3)
  3 hound zombies
  8 mummies (Ossuary)
  Robin (D:3)
  A worker ant zombie (D:6)
  A howler monkey skeleton (D:4)
  42 gnolls
  12 adders
  3 adder zombies
  4 worms
  9 leopard geckos
  21 orcs
  9 bats
  7 giant cockroaches
  4 gnoll zombies
  12 hobgoblins
  24 jackals
  A quokka (D:4)
  9 frilled lizards
  15 goblins
  2 hobgoblin zombies (Ossuary)
  3 kobolds
  3 kobold zombies (Ossuary)
  A quokka skeleton (D:8)
  7 rats
291 creatures vanquished.

Vanquished Creatures (others)
  2 slaves (D:8)
  A centaur (D:8)
  5 plants (D:10)
8 creatures vanquished.

Grand Total: 299 creatures vanquished

Notes
Turn   | Place    | Note
-------+----------+-------------------------------------------
     0 | D:1      | n0claF the Demonspawn Gladiator began the quest for the Orb.
     0 | D:1      | Reached XP level 1. HP: 16/16 MP: 1/1
    92 | D:1      | Gained mutation: You have sharp fingernails. [demonic ancestry]
    92 | D:1      | Reached XP level 2. HP: 19/22 MP: 2/2
   928 | D:1      | Gained mutation: You are partially covered in icy blue scales. (AC +2) [demonic ancestry]
   928 | D:1      | Reached XP level 3. HP: 24/28 MP: 3/3
  1109 | D:2      | Reached skill level 1 in Armour
  1154 | D:2      | Found an opulent altar of Gozag.
  1200 | D:2      | Found a sacrificial altar of Ru.
  1213 | D:2      | Gained mutation: You are partially covered in sharp spines. [demonic ancestry]
  1213 | D:2      | Reached XP level 4. HP: 24/34 MP: 4/4
  1586 | D:2      | Found a hide-covered altar of Uskayaw.
  1802 | D:3      | Noticed Natasha
  1802 | D:3      | Noticed n0claF's ghost (amateur DsGl)
  1891 | D:3      | Gained mutation: You sometimes gain a little power by taking damage. [demonic ancestry]
  1891 | D:3      | Reached XP level 5. HP: 41/41 MP: 5/5
  2137 | D:3      | Killed n0claF's ghost
  2137 | D:3      | Reached XP level 6. HP: 23/48 MP: 6/6
  2242 | D:3      | Noticed Robin
  2256 | D:3      | Found a snail-covered altar of Cheibriados.
  2290 | D:3      | Killed Robin
  2645 | D:3      | Killed Natasha
  2711 | D:3      | Noticed Natasha
  2715 | D:3      | Killed Natasha
  2772 | D:3      | Noticed Sigmund
  3032 | D:3      | Found a runed door.
  3036 | D:3      | Noticed Crazy Yiuf
  3041 | D:3      | Killed Crazy Yiuf
  3041 | D:3      | Gained mutation: You sometimes gain power by taking damage. [demonic ancestry]
  3041 | D:3      | Reached XP level 7. HP: 38/54 MP: 7/7
  3173 | D:3      | Killed Sigmund
  3173 | D:3      | Reached skill level 1 in Staves
  3368 | D:3      | Found a glowing golden altar of the Shining One.
  3433 | D:3      | Noticed Natasha
  3440 | D:3      | Killed Natasha
  3667 | D:4      | Noticed Gorglomux's ghost (weakling DEFE)
  3673 | D:4      | Killed Gorglomux's ghost
  3860 | D:4      | Found a sand-covered staircase.
  3882 | Ossuary  | Entered an ossuary
  3911 | Ossuary  | Reached skill level 5 in Dodging
  3919 | Ossuary  | Gained mutation: You are powered by pain. [demonic ancestry]
  3919 | Ossuary  | Reached XP level 8. HP: 59/61 MP: 8/8
  3938 | Ossuary  | Reached skill level 5 in Fighting
  5013 | D:5      | Entered Level 5 of the Dungeon
  5084 | D:5      | Found a glowing silver altar of Zin.
  5325 | D:5      | Found a hazy altar of Hepliaklqana.
  5396 | D:5      | Reached skill level 5 in Armour
  5859 | D:6      | Reached XP level 9. HP: 57/69 MP: 9/9
  6029 | D:6      | Reached skill level 1 in Short Blades
  6029 | D:6      | Reached skill level 1 in Shields
  6886 | D:7      | Found a staircase to the Ecumenical Temple.
  6901 | Temple   | Entered the Ecumenical Temple
  7136 | Temple   | Became a worshipper of Trog the Wrathful
  7569 | D:8      | Noticed Pikel
  7583 | D:8      | Killed Pikel
  7689 | D:8      | Gained mutation: You have very sharp fingernails. [demonic ancestry]
  7689 | D:8      | Reached XP level 10. HP: 54/79 MP: 10/10
  7804 | D:8      | Noticed a two-headed ogre
  7823 | D:8      | HP: 1/79 [two-headed ogre/giant spiked club (16)]
  7825 | D:8      | Killed a two-headed ogre
  7825 | D:8      | Reached * piety under Trog
  8069 | D:8      | Noticed Joseph
  8072 | D:8      | Noticed Psyche
  8083 | D:8      | Noticed Prince Ribbit
  8113 | D:8      | Killed Psyche
  8437 | D:8      | Killed Prince Ribbit
  8880 | D:8      | Found a blossoming altar of Fedhas.
  8889 | D:8      | Found a burning altar of Makhleb.
  8889 | D:8      | Found an iron altar of Okawaru.
  8891 | D:8      | Found an ornate altar of the Wu Jian Council.
  9147 | D:8      | Found a sparkling altar of Nemelex Xobeh.
  9284 | D:9      | Noticed Maurice
  9321 | D:9      | Killed Maurice
  9372 | D:9      | Got a brightly glowing golden ring
  9510 | D:9      | Found a shimmering altar of Xom.
  9826 | D:10     | Entered Level 10 of the Dungeon
 10207 | D:10     | Found a staircase to the Lair.
 10253 | Lair:1   | Entered Level 1 of the Lair of Beasts
 10253 | Lair:1   | Noticed Grum
 10262 | Lair:1   | Noticed a spiny frog
 10265 | Lair:1   | Reached XP level 11. HP: 87/87 MP: 11/11
 10273 | Lair:1   | Reached ** piety under Trog
 10273 | Lair:1   | Reached skill level 5 in Short Blades
 10278 | Lair:1   | Reached skill level 5 in Shields
 10285 | Lair:1   | Mangled by Grum

Vault maps used:
D:1:      dpeg_arrival_ternary
D:2:      lemuel_round_altar, lemuel_round_altar,
          nicolae_ru_great_annihilating_truth
D:3:      old_standard_altar, nicolae_tso_swordbearing_angel, first_ration,
          uniq_robin, uniq_crazy_yiuf_cottage, uniq_sigmund, uniq_natasha
D:4:      lemuel_castle_with_subvaults, enter_ossuary_3
D:5:      old_standard_altar, lemuel_round_altar, gup_sewer_entry_bubbles
D:7:      temple_fountains
D:8:      minitemple, nemelex_altar_shiori, grunt_ogre_cave,
          hangedman_misty_isle, uniq_pikel, uniq_psyche, uniq_joseph,
          uniq_prince_ribbit1
D:9:      lemuel_doored_altar, uniq_maurice
D:10:     david_lair_shrubbed, tgw_kikubaaqudgha
Temple:   jpeg_temple_island
Lair:1:   uniq_grum
Ossuary:  ossuary_tomb_3

Skill      XL: |  1  2  3  4  5  6  7  8  9 10 11 |
---------------+----------------------------------+-----
Dodging        | 3 4 5 6 7 8 |  8.0
Armour         | 1 2 3 4 5 6 7 |  7.4
Axes           | 3 4 |  4.2
Fighting       | 3 4 6 7 8 |  8.4
Staves         | 2 3 |  3.8
Short Blades   | 3 4 5 |  5.0
Shields        | 3 4 5 |  5.0
Throwing       | |  1.7
Unarmed Combat | |  0.2

Action                   |  1- 3 |  4- 6 |  7- 9 | 10-12 || total
-------------------------+-------+-------+-------+-------++-------
Melee: War axe           |    75 |   134 |       |       ||   209
       Unarmed           |    28 |       |       |       ||    28
       Quarterstaff      |       |       |   327 |     5 ||   332
       Short sword       |       |       |       |   260 ||   260
Throw: Tomahawk          |     2 |     7 |    35 |     6 ||    50
       Throwing net      |       |       |     3 |       ||     3
Invok: Berserk           |       |       |       |     4 ||     4
Evoke: Wand              |       |       |     2 |       ||     2
  Use: Potion            |       |     3 |       |     5 ||     8
       Scroll            |       |     5 |     8 |     1 ||    14
 Stab: Sleeping          |     1 |       |       |       ||     1
       Invisible         |       |     2 |       |       ||     2
       Paralysed         |       |       |     3 |       ||     3
       Confused          |       |       |       |     1 ||     1
  Eat: Chunk             |       |     3 |    13 |     3 ||    19
       Ration            |       |     1 |     1 |     2 ||     4
Armor: Leather armour    |    29 |       |       |       ||    29
       Ring mail         |    14 |    56 |    33 |       ||   103
       Scale mail        |       |       |    86 |    90 ||   176
       Troll leather arm |       |       |       |    18 ||    18
Dodge: Dodged            |   103 |   103 |   196 |   198 ||   600
Block: Buckler           |       |       |       |   116 ||   116

Table legend:
 A = Spawn XP
 B = Non-spawn XP
 C = Spawn XP percentage of total XP
 D = Spawn monster count
 E = Non-spawn monster count
 F = Spawn count percentage of total count
 G = Total turns spent on level
                    A         B        C        D         E        F      G
               +---------+---------+-------+---------+---------+-------+---------
         Total |       0 |   11920 |   0.0 |       0 |     290 |   0.0 | 10285
               +---------+---------+-------+---------+---------+-------+---------
           D:1 |       0 |      42 |   0.0 |       0 |      26 |   0.0 |  1096
           D:2 |       0 |     131 |   0.0 |       0 |      19 |   0.0 |   743
           D:3 |       0 |     831 |   0.0 |       0 |      47 |   0.0 |  1680
           D:4 |       0 |     963 |   0.0 |       0 |      60 |   0.0 |  1285
           D:5 |       0 |     574 |   0.0 |       0 |      24 |   0.0 |   839
           D:6 |       0 |    1000 |   0.0 |       0 |      28 |   0.0 |   981
           D:7 |       0 |     764 |   0.0 |       0 |       9 |   0.0 |   580
           D:8 |       0 |    4447 |   0.0 |       0 |      33 |   0.0 |  1601
           D:9 |       0 |    1189 |   0.0 |       0 |      17 |   0.0 |   553
          D:10 |       0 |     678 |   0.0 |       0 |       4 |   0.0 |   427
        Lair:1 |       0 |    1144 |   0.0 |       0 |       7 |   0.0 |    32
       Ossuary |       0 |     157 |   0.0 |       0 |      16 |   0.0 |   209
               +---------+---------+-------+---------+---------+-------+---------
